 Dungeon Crawl Stone Soup version 0.30-a0-830-gfe289a77b0 (webtiles) character file.

Game seed: 5735919880201532926

15007 Nacht the Destroyer (level 11, 0/68 HPs)
             Began as a Demonspawn Earth Elementalist on Feb 28, 2023.
             Was a Believer of Vehumet.
             Killed from afar by an acid dragon (18 damage)
             ... with a splash of acid
             ... on level 11 of the Dungeon.
             The game lasted 00:15:19 (13968 turns).

Nacht the Destroyer (DsEE)                         Turns: 13968, Time: 00:15:19

Health: 0/68       AC: 14    Str:  9    XL:     11   Next: 96%
Magic:  19/32      EV: 16    Int: 20    God:    Vehumet [**....]
Gold:   937        SH:  0    Dex: 14    Spells: 16/27 levels left

rFire   . . .      SeeInvis .    K - staff of earth
rCold   . . .      Faith    .    (no shield)
rNeg    . . .      Spirit   .    N - +3 leather armour {Will+}
rPois   .          Reflect  .    (no helmet)
rElec   .          Harm     .    B - +0 cloak
rCorr   .          Rampage  .    n - +2 pair of gloves
Will    +....                    D - +2 pair of boots {Fly}
Stlth   ++                       z - amulet of the acrobat
HPRegen 0.31/turn                M - ring of magical power
MPRegen 0.23/turn                m - ring of wizardry

@: agile, flying
A: ignite blood 1, powered by pain 2, sharp scales 1, weakness stinger 1
a: Renounce Religion


You were on level 11 of the Dungeon.
You worshipped Vehumet.
Vehumet was pleased with you.
You visited 2 branches of the dungeon, and saw 12 of its levels.
You also visited: Bailey.

You collected 937 gold pieces.

Inventory:

Missiles
 H - 19 poisoned darts
 I - a curare-tipped dart
Armour
 n - a +2 pair of gloves (worn)
 B - a +0 cloak (worn)
 D - a +2 pair of boots of flying (worn)
 N - a +3 leather armour of willpower (worn)
Magical Staves
 i - a staff of fire
 y - a staff of air
 K - a staff of earth (weapon)
Jewellery
 j - a ring of protection from cold
 m - a ring of wizardry (right hand)
 r - a +6 ring of strength
 z - an amulet of the acrobat (around neck)
 G - an amulet of reflection
 J - a ring of wizardry
 L - a ring of flight
 M - a ring of magical power (left hand)
Wands
 a - a wand of charming (12)
 E - a wand of light (3) (quivered)
Scrolls
 b - a scroll of blinking
 c - 2 scrolls of acquirement {unknown}
 e - 6 scrolls of teleportation {unknown}
 g - 2 scrolls of noise {unknown}
 k - a scroll of brand weapon
 o - a scroll of fog
 q - 2 scrolls of enchant weapon {unknown}
 s - a scroll of immolation {unknown}
 v - 2 scrolls of magic mapping
 w - a scroll of amnesia
 C - 2 scrolls of vulnerability
Potions
 f - 6 potions of curing
 h - 2 potions of might
 l - 3 potions of heal wounds
 p - 6 potions of mutation
 u - a potion of lignification
 x - 3 potions of haste
 A - 5 potions of flight
 F - a potion of resistance {unknown}


   Skills:
 - Level 1.7 Dodging
 - Level 1.7 Stealth
 + Level 8.9 Spellcasting
 + Level 9.9 Conjurations
 - Level 0.8 Transmutations
 + Level 8.9 Fire Magic
 + Level 9.9 Earth Magic


You had 16 spell levels left.
You knew the following spells:

 Your Spells              Type           Power      Damage    Failure   Level
a - Sandblast             Erth           100%       2d20      1%          1
b - Stone Arrow           Conj/Erth      100%       3d13      1%          3
c - Fireball              Conj/Fire      23%        3d11      2%          5
w - Passwall              Tmut/Erth      37%        N/A       1%          2

Your spell library contained the following spells:

 Spells                   Type           Power      Damage    Failure   Level
 Scorch                   Fire           88%        2d9       1%          2
 Foxfire                  Conj/Fire      100%       2x1d9     1%          1
 Mephitic Cloud           Conj/Pois/Air  22%        N/A       3%          3
 Apportation              Tloc           16%        N/A       4%          1
 Necrotise                Necr           32%        1d5       4%          1
 Summon Small Mammal      Summ           32%        N/A       4%          1
 Petrify                  Tmut/Erth      45%        N/A       4%          4
 Leda's Liquefaction      Hex/Erth       21%        N/A       6%          4
 Cigotuvi's Dreadful Rot  Necr/Pois/Air  16%        N/A       7%          2
 Poisonous Vapours        Pois/Air       16%        N/A       7%          2
 Call Canine Familiar     Summ           8%         N/A       13%         3
 Ozocubu's Armour         Ice            8%         N/A       13%         3
 Portal Projectile        Hex/Tloc       16%        N/A       13%         3
 Starburst                Conj/Fire      23%        6d8       14%         6
 Freezing Cloud           Conj/Ice/Air   11%        6-21      30%         5
 Summon Ice Beast         Ice/Summ       8%         N/A       38%         4
 Yara's Violent Unravell  Hex/Tmut       5%         3d4       65%         5
 Metabolic Englaciation   Hex/Ice        4%         N/A       73%         5
 Summon Mana Viper        Hex/Summ       8%         N/A       73%         5
 Simulacrum               Ice/Necr       4%         N/A       99%         6
 Enfeeble                 Hex            4%         N/A       100%        7
 Monstrous Menagerie      Summ           4%         N/A       100%        7
 Polar Vortex             Ice            4%         N/A       100%        9


Dungeon Overview and Level Annotations

Branches:
Dungeon (11/15)            Temple (1/1) D:7            Lair (0/5) D:8
 Bailey (visited)
    Orc: D:9-12

Altars:
Ashenzari
Cheibriados
Fedhas
Gozag
Hepliaklqana
Kikubaaqudgha
Makhleb
Okawaru
Qazlal
Ru
Sif Muna
Trog
Uskayaw
Vehumet
Wu Jian
Xom
Yredelemnul

Annotations:
D:9 3 runed translucent doors, Darius099's ghost, journeyman MiFi; demibob's ghost, novice HOFi


Innate Abilities, Weirdness & Mutations

Your demonic aura sometimes causes spilled blood to erupt in flames.
You sometimes gain power by taking damage.
You are partially covered in razor-sharp scales. (AC +1, Slay +1)
You have a small tail.


Message History

A cyclops comes into view.
Casting: Stone Arrow (safe; 1% risk of failure)
Confirm with . or Enter, or press ? or * to list all spells.
Aiming: Stone Arrow (safe; 1% risk of failure)
Press: ? - help, Shift-Dir - straight line, f/p - centaur
Aim: a centaur, wielding a +0 shortbow and quivering stones (almost dead, 87% to hit)
You feel a surge of power!
The stone arrow hits the centaur!!
You kill the centaur!
Vehumet accepts your kill.
Casting: Stone Arrow (safe; 1% risk of failure)
Confirm with . or Enter, or press ? or * to list all spells.
Aiming: Stone Arrow (safe; 1% risk of failure)
Press: ? - help, Shift-Dir - straight line, f - howler monkey
Aim: a howler monkey (75% to hit)
You feel a surge of power!
The stone arrow hits the howler monkey!
The howler monkey is moderately wounded.
Casting: Stone Arrow (safe; 1% risk of failure)
Confirm with . or Enter, or press ? or * to list all spells.
Aiming: Stone Arrow (safe; 1% risk of failure)
Press: ? - help, Shift-Dir - straight line, f/p - howler monkey
Aim: a howler monkey (moderately wounded, 75% to hit)
You feel a surge of power!
The stone arrow hits the howler monkey!
You kill the howler monkey!
Vehumet accepts your kill.
You feel your power returning.
The cyclops throws a large rock.
The large rock hits you!
The cyclops throws a large rock.
The large rock hits you!!
* * * LOW HITPOINT WARNING * * *
You focus on the pain.
You feel agile all of a sudden.
Casting: Stone Arrow (safe; 1% risk of failure)
Confirm with . or Enter, or press ? or * to list all spells.
Aiming: Stone Arrow (safe; 1% risk of failure)
Press: ? - help, Shift-Dir - straight line, f - acid dragon
Aim: an acid dragon (78% to hit)
You feel a surge of power!
The stone arrow hits the acid dragon!
The acid dragon is severely wounded.
The acid dragon spits acid at you. The splash of acid hits you!!
You die...

#.#
#####.#############.
....................
..##########).......
#########.#######
.......†..##########
....................
.............○.###
#############@.#
........○......
......D..°.....
........)......
########.......
....C.. .......
#######


You could see a cyclops and an acid dragon (catching breath).

Vanquished Creatures
  3 two-headed ogres
  3 centaur warriors (D:11)
  An orc knight (Bailey)
  A deep elf pyromancer (D:11)
  A rime drake (D:7)
  A tengu conjurer (D:11)
  A yaktaur (shapeshifter) (D:11)
  A freezing wraith (D:11)
  3 trolls (D:11)
  A polar bear (D:8)
  3 shadows
  A slime creature (D:11)
  11 yaks
  4 wraiths
  A wyvern (D:9)
  2 steam dragons
  Menkaure (D:5)
  4 acid dragons
  4 ice beasts
  3 black bears
  12 orc warriors
  2 wolves (D:8)
  2 ogres
  2 centaurs
  3 phantoms
  2 kobold brigands
  A gnoll sergeant (D:10)
  A necrophage (D:4)
  4 bullfrogs
  2 scorpions
  4 wights (D:9)
  15 killer bees
  7 howler monkeys
  7 hounds
  A gnoll bouda (D:8)
  2 jellies
  Crazy Yiuf (D:5)
  An orc priest (D:4)
  4 iguanas
  Terence (D:3)
  6 orc wizards
  11 gnolls
  5 adders
  A shadow imp (D:7)
  A white imp (D:5)
  A worm (D:2)
  7 dart slugs
  18 orcs
  4 endoplasms
  A giant cockroach (D:1)
  9 goblins
  8 hobgoblins
  5 quokkas
  6 ball pythons
  4 bats
  4 frilled lizards
  25 kobolds
  4 rats
244 creatures vanquished.

Vanquished Creatures (others)
  4 fungi (D:6)
  5 withered plants (D:9)
9 creatures vanquished.

Grand Total: 253 creatures vanquished

Notes
Turn   | Place    | Note
-------+----------+-------------------------------------------
     0 | D:1      | Nacht the Demonspawn Earth Elementalist began the quest for
                  | the Orb.
     0 | D:1      | Reached XP level 1. HP: 13/13 MP: 3/3
   139 | D:1      | Gained mutation: You are partially covered in razor-sharp
                  | scales. (AC +1, Slay +1) [demonic ancestry]
   139 | D:1      | Reached XP level 2. HP: 19/19 MP: 3/5
   631 | D:1      | Reached XP level 3. HP: 24/24 MP: 2/6
   723 | D:1      | Found a faded altar of an unknown god.
  1493 | D:2      | Reached XP level 4. HP: 30/30 MP: 4/7
  1496 | D:2      | Learned a level 2 spell: Passwall
  1500 | D:2      | Learned a level 3 spell: Stone Arrow
  1711 | D:3      | Noticed Terence
  2024 | D:3      | Found a bloodstained altar of Trog.
  2272 | D:3      | Killed Terence
  2273 | D:3      | Reached skill level 1 in Conjurations
  2658 | D:4      | Noticed a phantom
  2665 | D:3      | Killed a phantom
  2666 | D:3      | Reached XP level 5. HP: 26/35 MP: 2/8
  2739 | D:4      | Noticed a black bear
  2744 | D:4      | Killed a black bear
  2745 | D:4      | Reached skill level 5 in Earth Magic
  2745 | D:4      | Gained mutation: You sometimes gain a little power by
                  | taking damage. [demonic ancestry]
  2745 | D:4      | Reached XP level 6. HP: 41/41 MP: 4/10
  3541 | D:4      | Found a broken altar of Ashenzari.
  3643 | D:4      | Learned a level 5 spell: Fireball
  3644 | D:5      | Entered Level 5 of the Dungeon
  3663 | D:5      | Reached skill level 1 in Fire Magic
  3663 | D:5      | Reached XP level 7. HP: 46/46 MP: 6/12
  4511 | D:5      | Gained mutation: Your demonic aura sometimes causes spilled
                  | blood to erupt in flames. [demonic ancestry]
  4511 | D:5      | Reached XP level 8. HP: 52/52 MP: 0/14
  4950 | D:5      | Found a runed translucent door.
  4951 | D:5      | Noticed Crazy Yiuf
  5015 | D:5      | Noticed Menkaure
  5017 | D:5      | Killed Menkaure
  5018 | D:5      | Reached skill level 5 in Conjurations
  5132 | D:5      | Found a shimmering blue altar of Sif Muna.
  5203 | D:5      | Killed Crazy Yiuf
  5625 | D:6      | Found a snail-covered altar of Cheibriados.
  6123 | D:7      | Found a staircase to the Ecumenical Temple.
  6132 | Temple   | Entered the Ecumenical Temple
  6145 | Temple   | Became a worshipper of Vehumet
  6270 | D:7      | Found a flagged portal.
  6275 | D:7      | Reached skill level 5 in Spellcasting
  6275 | D:7      | Reached skill level 5 in Fire Magic
  6279 | D:7      | Reached XP level 9. HP: 46/57 MP: 9/16
  6293 | Bailey   | Entered a bailey
  6407 | Bailey   | Noticed an orc knight
  6436 | Bailey   | Killed an orc knight
  7622 | D:7      | Reached * piety under Vehumet
  7622 | D:7      | Offered knowledge of Kiss of Death by Vehumet.
  7863 | D:7      | Found an ancient bone altar of Kikubaaqudgha.
  8369 | D:8      | Noticed a polar bear
  8371 | D:8      | Noticed a rime drake
  8400 | D:7      | Killed a rime drake
  8401 | D:7      | Gained mutation: You have a small tail. [demonic ancestry]
  8401 | D:7      | Reached XP level 10. HP: 25/63 MP: 0/19
  9115 | D:8      | Noticed a two-headed ogre
  9119 | D:8      | Killed a two-headed ogre
  9320 | D:8      | Found a staircase to the Lair.
 10422 | D:9      | Reached ** piety under Vehumet
 10426 | D:9      | Offered knowledge of Scorch by Vehumet.
 10561 | D:9      | Found an ornate altar of the Wu Jian Council.
 10704 | D:9      | Found a burning altar of Makhleb.
 10705 | D:9      | Noticed a balrug
 10705 | D:9      | Noticed an angel
 10826 | D:9      | Found a runed translucent gate.
 10826 | D:9      | Found a runed translucent gate.
 10827 | D:9      | Found a runed translucent gate.
 10831 | D:9      | Noticed demibob's ghost (novice HOFi)
 10831 | D:9      | Noticed Darius099's ghost (journeyman MiFi)
 11076 | D:10     | Entered Level 10 of the Dungeon
 11975 | D:10     | Gained mutation: You sometimes gain power by taking damage.
                  | [demonic ancestry]
 11975 | D:10     | Reached XP level 11. HP: 68/68 MP: 18/22
 12835 | D:11     | Noticed a centaur warrior
 12840 | D:11     | Killed a centaur warrior
 13057 | D:11     | Identified the +3 spear of Action {freeze, *Rage Will+
                  | Int+5}
 13122 | D:11     | Noticed a two-headed ogre
 13127 | D:11     | Killed a two-headed ogre
 13133 | D:11     | Noticed a deep elf pyromancer
 13167 | D:11     | Killed a deep elf pyromancer
 13273 | D:11     | Noticed a centaur warrior
 13291 | D:11     | Killed a centaur warrior
 13429 | D:11     | Noticed a centaur warrior
 13433 | D:11     | Killed a centaur warrior
 13571 | D:11     | Noticed a two-headed ogre
 13575 | D:11     | Killed a two-headed ogre
 13968 | D:11     | Killed from afar by an acid dragon

Illustrated notes

Levels and vault maps discovered:
D:1:      minmay_arrival_four_loops, layout_loops_ring,
          ebering_ecumenical_altar_mist
D:2:      layout_rooms
D:3:      layout_basic, nicolae_overflow_crystal_walls, serial_curves,
          eino_curves_03, eino_curves_03, uniq_terence
D:4:      layout_rooms, gammafunk_temple_overflow_elements,
          minmay_misc_feat_encased
D:5:      layout_loops_ring, tgw_sif, uniq_crazy_yiuf_cottage, uniq_menkaure
D:6:      layout_cave_pools, cheibriados_altar_1, dreamdust_gnoll_farm
D:7:      layout_basic, general_overflow_altar,
          minmay_temple_entry_antechambers, enter_bailey_6
D:8:      layout_basic, hellmonk_lair_entry_icy
D:9:      layout_cave_pods, grunt_temple_overflow_order_and_chaos_2,
          mainiacjoe_overflow_catwalk, gammafunk_ghost_cemetery
D:10:     layout_basic, serial_curves, eino_curves_03, eino_curves_02
D:11:     layout_long_grid, serial_shops, nicolae_shop_hallway_stairs,
          minmay_the_grid_square_5x5_3x3_mashed
          [minmay_the_grid_square_5x5_seven,
          minmay_the_grid_square_5x5_spiral_small,
          minmay_the_grid_square_5x5_slash, minmay_the_grid_square_5x5_z,
          minmay_the_grid_square_5x5_megaprize_open,
          minmay_the_grid_square_5x5_bracketed,
          minmay_the_grid_square_5x5_six_small,
          minmay_the_grid_square_5x5_eight_small,
          minmay_the_grid_square_5x5_two], uniq_urug
Temple:   cyrus_circular_temple

Skill      XL: |  1  2  3  4  5  6  7  8  9 10 11 |
---------------+----------------------------------+-----
Earth Magic    | 3 4 5 6 7 8 9 |  9.9
Conjurations   | 2 3 4 5 7 8 9 |  9.9
Spellcasting   | 3 4 5 6 7 8 |  8.9
Fire Magic     | 1 3 5 6 7 8 |  8.9
Dodging        | |  1.7
Stealth        | |  1.7
Transmutations | |  0.8

Action                     |  1- 3 |  4- 6 |  7- 9 | 10-12 || total
---------------------------+-------+-------+-------+-------++-------
  Melee: Unarmed           |     4 |     3 |       |       ||     7
         Staff             |       |       |    15 |     7 ||    22
         Punch             |       |       |       |     1 ||     1
   Cast: Sandblast         |    60 |    75 |    99 |    92 ||   326
         Stone Arrow       |       |     1 |    85 |   119 ||   205
         Fireball          |       |       |       |     1 ||     1
  Evoke: Wand              |       |       |       |     4 ||     4
    Use: Potion            |     1 |       |     4 |     1 ||     6
         Scroll            |       |       |    13 |       ||    13
 Armour: Robe              |    11 |       |       |       ||    11
         Leather armour    |       |    16 |    49 |    80 ||   145
  Dodge: Dodged            |    21 |    30 |    85 |   127 ||   263
  Block: Other             |     2 |    10 |     7 |       ||    19
         Reflection        |       |       |     2 |       ||     2

Table legend: (Time is in decaauts)
 A = Elapsed time spent in this place.
 B = Non-inter-level travel time spent in this place.
 C = Inter-level travel time spent in this place.
 D = Time resting spent in this place.
 E = Time spent auto-exploring this place.
 F = Levels seen in this place.
 G = Mean time per level.
                   A        B        C        D        E       F      G
               +--------+--------+--------+--------+--------+-----+--------+
         Total |  14189 |  13480 |    709 |      0 |  11554 |  13 | 1091.5 |
       Dungeon |  12904 |  12205 |    699 |      0 |  10624 |  11 | 1173.1 |
        Temple |     24 |     14 |     10 |      0 |      0 |   1 |   24.0 |
        Bailey |   1259 |   1259 |      0 |      0 |    930 |   1 | 1259.0 |
               +--------+--------+--------+--------+--------+-----+--------+

Top non-repeatable levels by time:
     D:5: 1631 daAuts
     D:8: 1579 daAuts
     D:9: 1469 daAuts
     D:7: 1332 daAuts
    D:11: 1279 daAuts
  Bailey: 1259 daAuts
     D:1: 1107 daAuts
     D:4: 1043 daAuts
    D:10: 1017 daAuts
     D:3: 1013 daAuts
     D:6: 782 daAuts
     D:2: 648 daAuts
  Temple: 24 daAuts
